 Dungeon Crawl Stone Soup version 0.29.0-15-g675c0067aa (webtiles) character file.

Game seed: 8276387218625088110

11 qw the Sneak (level 2, -7/19 HPs)
             Began as a Gargoyle Delver on Sept 11, 2022.
             Killed by divine providence
             ... invoked by an orc priest
              (9 damage)
             ... on level 3 of the Dungeon.
             The game lasted 00:00:13 (770 turns).

qw the Sneak (Gargoyle Delver)                       Turns: 770, Time: 00:00:14

Health: -7/19      AC:  5    Str: 15    XL:     2   Next: 29%
Magic:  2/2        EV: 11    Int: 10    God:
Gold:   50         SH:  0    Dex: 11    Spells: 1/1 levels left

rFire   . . .      SeeInvis .   a - +0 hand axe
rCold   . . .      Faith    .   (no shield)
rNeg    + . .      Spirit   .   b - +0 leather armour
rPois   inf        Reflect  .   (no helmet)
rElec   +          Harm     .   (no cloak)
rCorr   .          Rampage  .   (no gloves)
Will    .....                   (no boots)
Stlth   +++.......              (no amulet)
HPRegen 0.06/turn               (no ring)
MPRegen 0.08/turn               (no ring)

@: no status effects
A: sickness immunity, AC +2, negative energy resistance 1, electricity
resistance, torment resistance 1, petrification resistance
a: no special abilities


You were on level 3 of the Dungeon.
You visited 1 branch of the dungeon, and saw 3 of its levels.

You collected 50 gold pieces.


Innate Abilities, Weirdness & Mutations

You are immune to sickness and miasma.
Your stone body is resilient. (AC +2)
You are immune to poison.
You resist negative energy. (rN+)
You are resistant to electric shocks. (rElec)
You are resistant to unholy torment.
You are immune to petrification.


   Skills:
 - Level 3.2 Fighting
 + Level 2.6 Axes
 - Level 1.5 Dodging
 - Level 5.4 Stealth


You had one spell level left.
You didn't know any spells.
Your spell library was empty.

Inventory:

Hand Weapons
 a - a +0 hand axe (weapon)
 e - a +2 whip of electrocution
Armour
 b - a +0 leather armour (worn)
 d - a +0 ring mail
Wands
 g - a wand of digging (3)
Scrolls
 c - a scroll of immolation {unknown}
Potions
 f - a potion of haste
 h - a potion of attraction {unknown}

Dungeon Overview and Level Annotations

Branches:
Dungeon (5/15)
 Temple: D:4-7

Altars:
Fedhas


Message History

You hit the orc.
The orc is moderately wounded.
The orc hits you with a +0 club.
You closely miss the orc.
The orc is moderately wounded.
The orc priest shouts!
The orc priest miscasts a cantrip.
You hit the orc.
The orc is severely wounded.
The orc hits you with a +0 club.
You hit the orc.
The orc is almost dead.
You barely miss the orc priest. The orc priest closely misses you.
The orc hits you with a +0 club.
You hit the orc.
You kill the orc!
You closely miss the orc priest. The orc priest barely misses you.
You hit the orc priest.
The orc priest is moderately wounded.
The orc priest looks encouraged for a moment.
The orc priest hits you but does no damage.
You closely miss the orc priest.
The orc priest is moderately wounded.
The orc priest mumbles some strange prayers to Beogh against you.
Pain shoots through your body!
You barely miss the orc priest.
The orc priest is moderately wounded.
The orc priest hits you with a +0 club.
You hit the orc priest.
The orc priest is heavily wounded.
The orc priest hits you with a +0 club.
You barely miss the orc priest.
The orc priest is heavily wounded.
The orc priest hits you with a +0 club.
You hit the orc priest but do no damage.
The orc priest is heavily wounded.
The orc priest calls down the wrath of Beogh upon you.
Beogh smites you!
You die...

#. #..#
#
#..###
#...(#
##.#.#
#.#.#
#.#.#
#.#.#
#.#)###
..#@o.#
#####.#
.# .#
.# .#
o# o#


You could see an orc priest.

Vanquished Creatures
  4 orcs (D:3)
  An endoplasm (D:3)
  A giant cockroach (D:4)
  A kobold (D:3)
7 creatures vanquished.

Notes
Turn   | Place    | Note
-------+----------+-------------------------------------------
     0 | D:5      | qw the Gargoyle Delver began the quest for the Orb.
     0 | D:5      | Reached XP level 1. HP: 14/14 MP: 1/1
     0 | D:5      | 0 ||| qw: Version: 0.1-a-118-gb4e7ce6
     0 | D:5      | 0 ||| qw: Game counter: 10578
     0 | D:5      | 0 ||| qw: Always use a shield: true
     0 | D:5      | 0 ||| qw: God list: Okawaru
     0 | D:5      | 0 ||| qw: Allow faded altars: false
     0 | D:5      | 0 ||| qw: Do Orc after D:15 true
     0 | D:5      | 0 ||| qw: Do second Lair branch before Depths: true
     0 | D:5      | 0 ||| qw: Lair rune preference: random
     0 | D:5      | 0 ||| qw: Plans: Normal
     0 | D:5      | 0 ||| PLANNING D:1-11
    24 | D:5      | 24 ||| DROPPING scroll of fog.
    25 | D:5      | 25 ||| DROPPING scroll of magic mapping.
    26 | D:5      | 26 ||| DROPPING scroll of fear.
    27 | D:5      | Noticed a jelly
    28 | D:5      | 28 ||| FLEEEEING.
    29 | D:5      | 29 ||| FLEEEEING.
    30 | D:5      | 30 ||| STAIRDANCE
    43 | D:4      | Found a blossoming altar of Fedhas.
    47 | D:4      | 47 ||| Stepping randomly (stuck).
    89 | D:3      | HP: 3/14 [orc/+0 mace (4)]
   224 | D:3      | 224 ||| Stepping ~*~*~tactically~*~*~ (stealth).
   354 | D:3      | 354 ||| Stepping ~*~*~tactically~*~*~ (stealth).
   355 | D:3      | 355 ||| Stepping ~*~*~tactically~*~*~ (stealth).
   372 | D:3      | Reached XP level 2. HP: 16/19 MP: 2/2
   436 | D:3      | 436 ||| DROPPING +0 mace.
   534 | D:3      | 534 ||| Stepping ~*~*~tactically~*~*~ (hiding).
   636 | D:3      | 636 ||| Stepping ~*~*~tactically~*~*~ (hiding).
   738 | D:3      | 738 ||| Stepping ~*~*~tactically~*~*~ (hiding).
   769 | D:3      | HP: 2/19 [orc priest/+0 club (4)]
   770 | D:3      | Killed from afar by an orc priest

Levels and vault maps discovered:
D:3:      layout_loops_ring, zin_scriptorium, lemuel_doored_altar,
          yredelemnul_altar_generic, nicolae_concentric_dashed_squares_mild,
          amethyst_killhole, chequers_serial_rivers_micro_d,
          grunt_decor_one_mirror, uniq_grinder, uniq_natasha
D:4:      layout_basic, amcnicky_altar_gilded, marbit_many_paths,
          mainiacjoe_overflow_six_doors_small, uniq_eustachio
D:5:      minmay_clustersquares, layout_basic, minmay_temple_entry_ruins,
          portal_sewer_entry_d

Skill      XL: |  1 |
---------------+----+-----
Axes           | 2 |  2.6
Fighting       | |  3.2
Dodging        | |  1.5
Stealth        | |  5.4

Action                   || total
-------------------------++-------
Melee: Hand axe          ||    41
Armor: Leather armour    ||    10
Dodge: Dodged            ||    16

Table legend:
 A = Non-vault XP
 B = Vault XP
 C = Vault XP percentage of total XP
 D = Non-vault monster count
 E = Vault monster count
 F = Vault count percentage of total count
                 A         B        C        D         E       F
            +---------+---------+-------+---------+---------+-------
      Total |      17 |       0 |   0.0 |       7 |       0 |   0.0
            +---------+---------+-------+---------+---------+-------
        D:3 |      15 |       0 |   0.0 |       6 |       0 |   0.0
        D:4 |       2 |       0 |   0.0 |       1 |       0 |   0.0
            +---------+---------+-------+---------+---------+-------
